 Dungeon Crawl Stone Soup version 0.31.0-11-ge490571c62 (webtiles) character file.

Game seed: 11580921371408489356

55 James the Scholar of Death (level 3, -1/21 (26) HPs)
             Began as a Human Necromancer on Feb 8, 2024.
             Was a Follower of Kikubaaqudgha.
             Killed by divine providence
             ... invoked by an orc priest
              (12 damage)
             ... on level 3 of the Dungeon.
             The game lasted 00:09:59 (2349 turns).

James the Scholar of Death (Human Necromancer)      Turns: 2349, Time: 00:10:00

HP:   -1/21 (26)    AC:  3    Str:  8    XL:     3   Next: 93%
MP:   6/7           EV: 17    Int: 17    God:    Kikubaaqudgha [*.....]
Gold: 113           SH:  0    Dex: 13    Spells: 2/8 levels left

rFire   . . .        a - staff of death
rCold   . . .        (no shield)
rNeg    + . .        k - +0 robe
rPois   .            (no helmet)
rElec   .            (no cloak)
rCorr   .            q - +0 pair of gloves
SInv    .            (no boots)
Will    .....        (no amulet)
Stlth   ++           j - +5 ring of evasion
HPRegen 0.23/turn    (no ring)
MPRegen 0.10/turn

%: no passive effects
@: heavily drained
A: explore regen
a: Renounce Religion, Unearth Wretches


You were on level 3 of the Dungeon.
You worshipped Kikubaaqudgha.
Kikubaaqudgha was aware of your devotion.
You visited 1 branch of the dungeon, and saw 4 of its levels.

You collected 113 gold pieces.

Inventory:

Hand Weapons
 b - a +0 dagger
   (You took it off a goblin on level 2 of the Dungeon)
 s - a +0 sling
   (You found it on level 3 of the Dungeon)
Missiles
 g - 27 stones
Armour
 e - a +0 ring mail
   (You found it on level 1 of the Dungeon)
 h - a +0 robe
   (You found it on level 1 of the Dungeon)
 k - a +0 robe (worn)
 m - a +0 scale mail
   (You found it on level 2 of the Dungeon)
 n - a +0 leather armour
   (You found it on level 2 of the Dungeon)
 o - a +0 plate armour
   (You found it on level 2 of the Dungeon)
 q - a +0 pair of gloves (worn)
   (You found it on level 2 of the Dungeon)
 t - a +2 scale mail of cold resistance
   (You found it on level 3 of the Dungeon)
Magical Staves
 a - a staff of death (weapon)
   (You found it on level 2 of the Dungeon)
Jewellery
 j - a +5 ring of evasion (left hand)
   (You found it on level 1 of the Dungeon)
Scrolls
 c - 2 scrolls of identify {unknown}
 d - a scroll of enchant weapon {unknown}
 i - 2 scrolls of blinking {unknown}
Potions
 f - a potion of enlightenment {unknown}
 l - a potion of resistance {unknown}
 r - 2 potions of curing {unknown}


   Skills:
 - Level 1.0 Fighting
 - Level 2.0 Dodging
 - Level 2.0 Stealth
 + Level 3.1 Spellcasting
 + Level 4.1 Necromancy
 - Level 1.0 Air Magic
 - Level 1.0 Alchemy


You had 2 spell levels left.
You knew the following spells:

 Your Spells              Type           Power      Damage    Failure   Level
a - Necrotise             Necr           96%        1d8       3%          1
b - Cigotuvi's Dreadful   Necr/Alch/Air  28%        N/A       12%         2
q - Vampiric Draining     Necr           24%        2d7       10%         3

Your spell library contained the following spells:

 Spells                   Type           Power      Damage    Failure   Level
 Animate Dead             Necr           24%        N/A       32%         4
 Call Canine Familiar     Summ           2%         N/A       45%         3
 Frozen Ramparts          Ice            4%         1d1       45%         3
 Inner Flame              Hex/Fire       2%         N/A       45%         3
 Sigil of Binding         Hex            2%         N/A       45%         3
 Curse of Agony           Necr           24%        N/A       65%         5
 Leda's Liquefaction      Alch/Erth      2%         N/A       80%         4
 Petrify                  Alch/Erth      4%         N/A       80%         4
 Sticky Flame             Fire/Alch      4%         2d4       80%         4
 Dimensional Bullseye     Hex/Tloc       1%         N/A       86%         4
 Flame Wave               Conj/Fire      2%         2d4       86%         4
 Metabolic Englaciation   Hex/Ice        1%         N/A       99%         5


Dungeon Overview and Level Annotations

Branches:
Dungeon (4/15)
 Temple: D:4-7

Altars:
Kikubaaqudgha
Wu Jian

Annotations:
D:3 Ijyb, Robin


Innate Abilities, Weirdness & Mutations

You regain HP and MP as you explore.


Message History

Your hobgoblin skeleton barely misses the orc priest.
Press: ? - help, Shift-Dir - straight line, f/p - orc priest
Aim: an orc priest, wielding a +0 short sword and wearing a +0 scale mail (ally target, chance to affect: 83%)
You feel a surge of power!
The orc priest writhes in agony.
The adder bites your hobgoblin skeleton.
Your hobgoblin skeleton barely misses the orc priest.
Press: ? - help, Shift-Dir - straight line, f/p - orc priest
Aim: an orc priest, wielding a +0 short sword and wearing a +0 scale mail (lightly wounded, ally target, chance to affect: 83%)
You feel a surge of power!
The orc priest writhes in agony.
The adder bites your hobgoblin skeleton.
The orc priest closely misses you.
Press: ? - help, Shift-Dir - straight line, f/p - orc priest
Aim: an orc priest, wielding a +0 short sword and wearing a +0 scale mail (heavily wounded, ally target, chance to affect: 83%)
You feel a surge of power!
The orc priest writhes in agony.
The adder bites your hobgoblin skeleton.
Your hobgoblin skeleton is destroyed!
Press: ? - help, Shift-Dir - straight line, f/p - orc priest
Aim: an orc priest, wielding a +0 short sword and wearing a +0 scale mail (severely wounded, chance to affect: 83%)
You feel a surge of power!
The orc writhes in agony.
You feel a surge of power!
A part of your flesh rots into a cloud of miasma!
You feel drained. The adder bites you. The orc barely misses you.
The orc attacks as it pursues you!
The orc hits you with a +2 dagger of draining.
You partially resist.
You feel drained.
The orc priest calls upon Beogh to heal the orc.
The orc's wounds heal themselves!
Press: ? - help, Shift-Dir - straight line, f/p - orc priest
Aim: an orc priest, wielding a +0 short sword and wearing a +0 scale mail (severely wounded, chance to affect: 83%)
You feel a surge of power!
The orc writhes in agony.
The adder bites you but does no damage. The orc misses you.
Press: ? - help, Shift-Dir - straight line, f - adder
Aim: an adder (chance to affect: 88%)
You feel a surge of power!
The adder barely resists.
The adder barely misses you. The orc closely misses you.
Magic courses through your body. The adder bites you but does no damage.
The orc hits you with a +2 dagger of draining.
You partially resist.
You feel drained.
Press: ? - help, Shift-Dir - straight line, f/p - adder
Aim: an adder (chance to affect: 88%)
You feel a surge of power!
The adder writhes in agony.
The adder bites you but does no damage. The orc hits you with a +0 flail!
The orc hits you with a +2 dagger of draining.
* * * LOW HITPOINT WARNING * * *
You partially resist.
You feel drained.
The orc priest mumbles some strange prayers to Beogh against you.
Beogh smites you!
Ouch! That really hurt!
You die...
Kikubaaqudgha rasps: "You have failed me!
Welcome... death!"

......####..........######
.....................)....
..........................
)........#................
).........................
..........................
................o!........
...............oS○o.......
.........###....@o#.......
.........# ###############
#####....# ######


You could see an orc priest, an adder and 3 orcs.

Vanquished Creatures
  A gnoll (D:3)
  3 dart slugs
  2 bats (D:1)
  3 endoplasms
  3 giant cockroaches
  9 goblins
  4 hobgoblins
  3 ball pythons
  3 frilled lizards
  4 rats
35 creatures vanquished.

Vanquished Creatures (collateral kills)
  A ball python (D:3)
1 creature vanquished.

Grand Total: 36 creatures vanquished

Notes
Turn   | Place    | Note
-------+----------+-------------------------------------------
     0 | D:1      | James the Human Necromancer began the quest for the Orb.
     0 | D:1      | Reached XP level 1. HP: 13/13 MP: 3/3
   370 | D:1      | Reached XP level 2. HP: 19/19 MP: 3/5
   723 | D:1      | Found a faded altar of an unknown god.
   744 | D:1      | Prayed at the altar of an unknown god.
   744 | D:1      | Became a worshipper of Kikubaaqudgha
   744 | D:1      | Reached * piety under Kikubaaqudgha
   744 | D:1      | Received a gift from Kikubaaqudgha
   859 | D:1      | Learned a level 2 spell: Cigotuvi's Dreadful Rot
  1304 | D:2      | You fall into a shaft and drop 2 floors!
  1307 | D:4      | Noticed a scorpion
  1315 | D:3      | Reached skill level 1 in Fighting
  1315 | D:3      | Reached XP level 3. HP: 22/26 MP: 4/7
  1426 | D:2      | Found an ornate altar of the Wu Jian Council.
  1447 | D:2      | Learned a level 3 spell: Vampiric Draining
  1935 | D:3      | Reached skill level 1 in Air Magic
  1935 | D:3      | Reached skill level 1 in Alchemy
  2083 | D:3      | Noticed Robin
  2094 | D:3      | Noticed Ijyb
  2349 | D:3      | Killed from afar by an orc priest

Illustrated notes

Levels and vault maps discovered:
D:1:      beargit_arrival_greenhouse, layout_loops_corners,
          dreamdust_ecumenical_altar_angels_and_demons, minmay_misc_feat_hallway
D:2:      layout_loops_cross, basic_altar, minmay_misc_feat_nine_boxes,
          kennysheep_generic_room_15
D:3:      layout_rooms, solitary_fountain, st_stairs_9, nrook_loot_triangle,
          nicolae_goblin_pals
D:4:      layout_gridville, uniq_crazy_yiuf_cottage

Skill      XL: |  1  2  3 |
---------------+----------+-----
Spellcasting   | 3 |  3.1
Fighting       | 1 |  1.0
Air Magic      | 1 |  1.0
Alchemy        | 1 |  1.0
Dodging        | |  2.0
Stealth        | |  2.0
Necromancy     | |  4.1

Action                     || total
---------------------------++-------
  Melee: Club              ||    38
         Unarmed           ||     1
         Staff             ||    20
   Cast: Necrotise         ||    63
         Cigotuvi's Dreadf ||     1
    Use: Potion            ||     1
   Stab: Sleeping          ||     3
 Armour: Robe              ||    55
  Dodge: Dodged            ||    63
